 Dungeon Crawl Stone Soup version 0.22-a0-858-g985ef60 (webtiles) character file.

6248 poirepourri the Blocker (level 10, -4/93 HPs)
             Began as a Minotaur Fighter on July 27, 2018.
             Was a Believer of Qazlal.
             Slain by Snorg (17 damage)
             ... on level 10 of the Dungeon.
             The game lasted 00:08:37 (8627 turns).

poirepourri the Blocker (Minotaur Fighter)          Turns: 8627, Time: 00:08:37

Health: -4/93      AC:  9    Str: 21    XL:     10   Next: 62%
Magic:  9/9        EV: 10    Int:  5    God:    Qazlal [**....]
Gold:   390        SH: 16    Dex: 13    Spells: 9/9 levels left

rFire    . . .     SeeInvis +   a - +3 broad axe (elec)
rCold    . . .     Gourm    .   c - +0 shield
rNeg     + . .     Faith    .   o - +0 scale mail
rPois    .         Spirit   .   (helmet restricted)
rElec    .         Reflect  .   t - +1 cloak {+Inv}
rCorr    .         Harm     .   (no gloves)
MR       .....                  (no boots)
Stlth    ..........             u - amulet of regeneration
HPRegen  0.65/turn              g - ring of positive energy
MPRegen  0.11/turn              k - ring of see invisible

@: no status effects
A: retaliatory headbutt, horns 2
a: Upheaval, Renounce Religion, Evoke Invisibility


You were on level 10 of the Dungeon.
You worshipped Qazlal.
Qazlal was pleased with you.
You were not hungry.

You visited 2 branches of the dungeon, and saw 11 of its levels.

You collected 528 gold pieces.
You spent 138 gold pieces at shops.

Inventory:

Hand Weapons
 a - a +3 broad axe of electrocution (weapon)
 b - a +0 blowgun
Missiles
 p - 65 poisoned needles
 s - 43 bolts
Armour
 c - a +0 shield (worn)
 o - a +0 scale mail (worn)
 t - a +1 cloak of invisibility (worn)
Jewellery
 g - a ring of positive energy (left hand)
 j - an uncursed amulet of guardian spirit
 k - a ring of see invisible (right hand)
 m - an uncursed ring of protection from cold
 u - an amulet of regeneration (around neck)
 v - an uncursed ring of protection from magic {unknown}
 D - an uncursed amulet of the acrobat
 F - an uncursed ring of flight
Wands
 d - a wand of polymorph (12)
 h - a wand of scattershot (1)
 l - a wand of flame (31)
 y - a wand of digging (8)
Scrolls
 e - 6 scrolls of remove curse
 i - 3 scrolls of identify
 n - a scroll of blinking {unknown}
 x - 4 scrolls of teleportation
Potions
 r - a potion of flight
 w - 2 potions of magic
 z - a potion of berserk rage
 A - 2 potions of curing
 B - a potion of haste {unknown}
 C - a potion of agility
Comestibles
 f - 14 rations


   Skills:
 - Level 10.0 Fighting
 - Level 10.2 Axes
 - Level 4.1 Armour
 + Level 2.3 Dodging
 - Level 13.2 Shields


You had 9 spell levels left.
You didn't know any spells.
Your spell library contained the following spells:

 Spells                   Type           Power        Failure   Level  Hunger
 Magic Dart               Conj           #...         87%         1    ##.....
 Conjure Flame            Conj/Fire      #.......     99%         3    ####...
 Slow                     Hex            #.......     95%         2    ###....
 Confuse                  Hex            #.......     99%         3    ####...
 Mephitic Cloud           Conj/Pois/Air  #.......     99%         3    ####...
 Blink                    Tloc           N/A          95%         2    ###....
 Call Imp                 Summ           #.......     95%         2    ###....
 Confusing Touch          Hex            #.....       87%         1    ##.....
 Metabolic Englaciation   Hex/Ice        #.........   100%        5    ######.
 Petrify                  Tmut/Erth      #.......     100%        4    #####..
 Gell's Gravitas          Tloc           #.........   99%         3    ####...
 Yara's Violent Unravell  Hex/Tmut       #.........   100%        5    ######.


Dungeon Overview and Level Annotations

Branches:
Dungeon (10/15)            Temple (1/1) D:6            Lair (0/6) D:8
    Orc: D:9-12

Altars:
Ashenzari
Cheibriados
Dithmenos
Elyvilon
Fedhas
Gozag
Hepliaklqana
Kikubaaqudgha
Makhleb
Nemelex Xobeh
Okawaru
Qazlal
Ru
Sif Muna
Trog
Uskayaw
Vehumet
Wu Jian
Xom
Yredelemnul
Zin
The Shining One

Shops:
D:5 (   D:8 ?

Annotations:
D:10 Snorg


Innate Abilities, Weirdness & Mutations

You reflexively headbutt those who attack you in melee.
You have a pair of horns on your head.


Message History

You block Snorg's attack. x2; Snorg claws you.
Snorg bites you! Snorg claws you! Snorg barely misses you.
You hit Snorg. Lightning courses through Snorg! You headbutt Snorg.
Snorg is heavily wounded.
You block Snorg's attack. x3
You hit Snorg. You headbutt Snorg!
Snorg is heavily wounded.
You block Snorg's attack. Snorg claws you! Snorg claws you. Snorg bites you!
You block Snorg's attack. x2
You barely miss Snorg.
Snorg is heavily wounded.
You block Snorg's attack. Snorg barely misses you.
Snorg claws you but does no damage. Snorg bites you.
* * * LOW HITPOINT WARNING * * *
Snorg claws you!
* * * LOW HITPOINT WARNING * * *
You block Snorg's attack.
As you read the scroll of fear, it crumbles to dust.
You assume a fearsome visage.
You block Snorg's attack. Snorg claws you!
You die...

...........)##.# .
(######....#.#####
##.##........
##..###..####.
#...##..##
##.#.#..##
####.>#...##
###....###..#
#.T@#### #..#
#.### #.## # ###


You could see Snorg (berserk).

Vanquished Creatures
  A two-headed ogre (D:9)
  An elephant (D:8)
  A gargoyle (D:9)
  Grinder (D:3)
  A hippogriff (D:8)
  A spriggan (D:7)
  A hungry ghost (D:9)
  A basilisk (D:8)
  Duvessa (D:4)
  3 ice beasts
  4 orc warriors
  A sky beast (D:10)
  4 ogres
  A crocodile (D:8)
  2 centaurs
  A big kobold (D:8)
  4 bullfrogs
  A gnoll sergeant (D:7)
  2 wyvern skeletons
  2 scorpions
  Dowan (D:4)
  12 killer bees
  4 howler monkeys
  2 electric eels (D:8)
  A centaur zombie (D:9)
  4 crimson imps
  A bullfrog zombie (D:6)
  A quasit (D:6)
  An orc priest (D:9)
  4 gnoll shamans (D:8)
  5 hounds
  3 jellies
  6 worker ants
  An iguana (D:9)
  8 orc wizards
  A hound zombie (D:8)
  A howler monkey skeleton (D:5)
  A worker ant zombie (D:10)
  16 gnolls
  7 adders
  An ooze (D:4)
  3 adder skeletons
  3 worms
  2 dart slugs
  5 leopard geckos
  33 orcs
  4 ball pythons
  3 giant cockroaches
  5 goblins
  10 hobgoblins
  10 jackals
  8 kobolds
  2 quokkas
  A ball python skeleton (D:6)
  7 bats
  5 frilled lizards
  9 rats
225 creatures vanquished.

Vanquished Creatures (others)
  9 plants (D:8)
9 creatures vanquished.

Grand Total: 234 creatures vanquished

Notes
Turn   | Place    | Note
-------+----------+-------------------------------------------
     0 | D:1      | poirepourri the Minotaur Fighter began the quest for the Orb.
     0 | D:1      | Reached XP level 1. HP: 19/19 MP: 0/0
   328 | D:1      | Reached XP level 2. HP: 20/26 MP: 1/1
   726 | D:2      | Found a shimmering altar of Xom.
   875 | D:2      | Reached XP level 3. HP: 31/31 MP: 2/2
  1278 | D:2      | Reached skill level 5 in Axes
  1567 | D:3      | Reached XP level 4. HP: 32/39 MP: 3/3
  1628 | D:3      | Found a shimmering altar of Xom.
  1628 | D:3      | Found a shimmering altar of Xom.
  1630 | D:3      | Found a shimmering altar of Xom.
  1630 | D:3      | Found a shimmering altar of Xom.
  1630 | D:3      | Found a shimmering altar of Xom.
  1722 | D:3      | Noticed Grinder
  1723 | D:3      | Paralysed by Grinder for 3 turns
  1735 | D:3      | Killed Grinder
  1735 | D:3      | Reached XP level 5. HP: 35/45 MP: 4/4
  1735 | D:3      | Reached XP level 6. HP: 39/51 MP: 5/5
  2538 | D:4      | Noticed Duvessa
  2538 | D:4      | Noticed Dowan
  2551 | D:4      | Killed Dowan
  2551 | D:4      | Killed Duvessa
  2551 | D:4      | Reached XP level 7. HP: 29/57 MP: 2/6
  3156 | D:4      | Reached skill level 10 in Axes
  3452 | D:5      | Entered Level 5 of the Dungeon
  3477 | D:5      | Found Teydan Naosu's Antique Weapon Shoppe.
  3535 | D:5      | Reached skill level 5 in Fighting
  3597 | D:5      | Found a deep blue altar of Sif Muna.
  3682 | D:5      | Reached XP level 8. HP: 67/70 MP: 7/7
  3696 | D:5      | Found a sparkling altar of Nemelex Xobeh.
  3861 | D:6      | Found a blossoming altar of Fedhas.
  4010 | D:6      | Found a snail-covered altar of Cheibriados.
  4023 | D:6      | Found a burning altar of Makhleb.
  4034 | D:6      | Found a radiant altar of Vehumet.
  4654 | D:6      | Reached skill level 10 in Fighting
  4665 | D:6      | Found a staircase to the Ecumenical Temple.
  4794 | Temple   | Entered the Ecumenical Temple
  5004 | Temple   | Became a worshipper of Qazlal Stormbringer
  5299 | D:7      | Reached skill level 4 in Shields
  5508 | D:7      | Reached skill level 5 in Shields
  5508 | D:7      | Reached XP level 9. HP: 84/85 MP: 8/8
  5620 | D:7      | Reached skill level 6 in Shields
  5926 | D:7      | Found a sacrificial altar of Ru.
  5926 | D:7      | Found a glowing silver altar of Zin.
  6234 | D:8      | Reached skill level 7 in Shields
  6280 | D:8      | Reached skill level 8 in Shields
  6321 | D:8      | Found Patz's Magic Scroll Shoppe.
  6336 | D:8      | Reached * piety under Qazlal
  6361 | D:8      | Bought a scroll of enchant weapon for 90 gold pieces
  6362 | D:8      | Bought a scroll of identify for 24 gold pieces
  6363 | D:8      | Bought a scroll of identify for 24 gold pieces
  6366 | D:8      | Identified a scroll of acquirement
  6417 | D:8      | Reached skill level 9 in Shields
  6447 | D:8      | Reached skill level 10 in Shields
  6455 | D:8      | Found a staircase to the Lair.
  6472 | D:8      | Noticed an elephant
  6485 | D:8      | Killed an elephant
  7157 | D:8      | Reached skill level 11 in Shields
  7157 | D:8      | Reached XP level 10. HP: 80/93 MP: 9/9
  7461 | D:8      | Found a bloodstained altar of Trog.
  7812 | D:9      | Reached ** piety under Qazlal
  7838 | D:9      | Reached skill level 12 in Shields
  7946 | D:9      | Noticed a gargoyle
  7954 | D:9      | Killed a gargoyle
  8113 | D:9      | Noticed a two-headed ogre
  8121 | D:9      | Killed a two-headed ogre
  8121 | D:9      | Reached skill level 13 in Shields
  8465 | D:10     | Entered Level 10 of the Dungeon
  8511 | D:10     | Reached skill level 1 in Dodging
  8619 | D:10     | Noticed Snorg
  8627 | D:10     | Slain by Snorg

Vault maps used:
D:1:      dpeg_arrival_three_smaller_balls
D:2:      kennysheep_six_static_rooms, overflow_temple_1_default, first_ration,
          minmay_pentomino_p2
D:3:      xom_redecorated, uniq_grinder
D:4:      uniq_duvessa
D:5:      nemelex_xobeh_ov_fountains_minmay, serial_shops, shop, basic_altar
D:6:      fedhas_altar_2, chequers_temple_overflow_statue_of_worship,
          minmay_temple_entry_statues, vehumet_altar_wand_db
D:7:      gammafunk_temple_overflow_elements, the_bakery
D:8:      kennysheep_seaside_town, kennysheep_mini, david_lair_generic,
          serial_shops, shop, corexii_leaking_fountain, minivault_4,
          water_maze_lemuel
D:10:     uniq_snorg
Temple:   dpeg_chambers_temple

Skill      XL: |  1  2  3  4  5  6  7  8  9 10 |
---------------+-------------------------------+-----
Axes           | 3 4 5 7 9 10 | 10.2
Fighting       | 5 10 | 10.0
Shields        | 5 11 13 | 13.2
Armour         | 4 |  4.1
Dodging        | 2 |  2.3

Action                   |  1- 3 |  4- 6 |  7- 9 | 10-12 || total
-------------------------+-------+-------+-------+-------++-------
Melee: War axe           |   114 |    65 |   255 |       ||   434
       Headbutt          |    13 |    13 |    72 |    18 ||   116
       Unarmed           |       |     6 |       |       ||     6
       Broad axe         |       |       |    38 |   110 ||   148
Evoke: Wand              |       |       |     6 |     5 ||    11
  Use: Scroll            |     5 |     2 |    20 |     3 ||    30
       Potion            |       |     2 |     2 |     3 ||     7
  Eat: Ration            |     1 |     1 |     4 |     1 ||     7
       Chunk             |       |       |     1 |       ||     1
Armor: Scale mail        |    54 |    22 |    94 |    24 ||   194
Dodge: Dodged            |    47 |    26 |    71 |    42 ||   186
Block: Shield            |    60 |    26 |   159 |   111 ||   356

Table legend:
 A = Spawn XP
 B = Non-spawn XP
 C = Spawn XP percentage of total XP
 D = Spawn monster count
 E = Non-spawn monster count
 F = Spawn count percentage of total count
 G = Total turns spent on level
                    A         B        C        D         E        F      G
               +---------+---------+-------+---------+---------+-------+---------
         Total |       0 |    8927 |   0.0 |       0 |     225 |   0.0 |  8627
               +---------+---------+-------+---------+---------+-------+---------
           D:1 |       0 |      28 |   0.0 |       0 |      18 |   0.0 |   726
           D:2 |       0 |      53 |   0.0 |       0 |      23 |   0.0 |   811
           D:3 |       0 |     384 |   0.0 |       0 |      28 |   0.0 |   933
           D:4 |       0 |     660 |   0.0 |       0 |      17 |   0.0 |   982
           D:5 |       0 |     305 |   0.0 |       0 |       9 |   0.0 |   409
           D:6 |       0 |    1190 |   0.0 |       0 |      36 |   0.0 |  1199
           D:7 |       0 |     776 |   0.0 |       0 |      18 |   0.0 |   938
           D:8 |       0 |    3012 |   0.0 |       0 |      44 |   0.0 |  1548
           D:9 |       0 |    1950 |   0.0 |       0 |      24 |   0.0 |   687
          D:10 |       0 |     569 |   0.0 |       0 |       8 |   0.0 |   162
               +---------+---------+-------+---------+---------+-------+---------
